Map: [ESL] Data-C

Players

Nice

  • Race: Protoss Protoss
  • League: Diamond
  • Spawn Location: 3:00

PtitDrogo - Winner!

  • Race: Protoss Protoss
  • Spawn Location: 9:00

Event: HomeStory Cup XXII

VOD

Have the link to the VOD?

Description

Time

  • Played on: Dec. 15, 2022, 7:49 a.m.
  • Length: 10:28

All games in this series

Show
View Real Time Build Order
Export as new Build Order

Nice Protoss 

Build Orders: Blink Stalkers 

Get SALT Encoding   

  12  0:00  Probe  
  13  0:12  Probe  
  14  0:19  Pylon  
  14  0:24  Probe  
  15  0:37  Probe (Chrono Boost)  
  15  0:39  Gateway  
  16  0:48  Probe (Chrono Boost), Assimilator  
  17  0:53  Probe (Chrono Boost)  
  18  1:03  Probe  
  19  1:16  Probe  
  20  1:26  Cybernetics Core  
  20  1:29  Probe  
  21  1:36  Pylon  
  21  1:38  Zealot (Chrono Boost)  
  23  1:42  Assimilator  
  23  1:54  Probe  
  24  2:02  Stalker (Chrono Boost)  
  24  2:06  Probe, Pylon  
  27  2:17  Nexus  
  27  2:21  Warp Gate  
  27  2:22  Stalker (Chrono Boost)  
  29  2:31  Pylon  
  29  2:38  Shield Battery  
  29  2:45  Stalker  
  29  2:49  Probe  
  32  2:57  Twilight Council  
  32  3:01  Probe  
  33  3:11  Gateway  
  33  3:14  Probe  
  34  3:26  Blink (Chrono Boost)  
  34  3:28  Probe, Stalker  
  37  3:39  Probe  
  34  3:43  Probe  
  35  3:51  Probe  
  35  3:53  Pylon  
  35  3:55  Probe  
  37  4:06  Probe  
  37  4:09  Stalker x2  
  39  4:17  Probe  
  39  4:18  Probe  
  41  4:29  Probe  
  41  4:30  Probe  
  43  4:32  Stalker  
  43  4:36  Pylon  
  45  4:42  Robotics Facility, Probe  
  45  4:44  Probe  
  47  4:51  Assimilator  
  47  4:54  Probe  
  47  4:56  Probe, Gateway  
  49  5:00  Sentry  
  49  5:06  Probe, Forge  
  52  5:07  Sentry  
  52  5:09  Probe  
  55  5:16  Gateway  
  55  5:18  Probe  
  54  5:23  Probe  
  54  5:25  Pylon  
  54  5:27  Sentry  
  57  5:30  Probe  
  57  5:31  Observer  
  57  5:35  Protoss Ground Weapons Level 1 (Chrono Boost), Probe  
  60  5:42  Probe  
  61  5:47  Probe  
  62  5:50  Stalker  
  62  5:57  Probe  
  65  5:59  Nexus  
  65  6:00  Probe  
  65  6:03  Stalker  
  68  6:06  Pylon  
  68  6:09  Stalker  
  70  6:14  Stalker  
  72  6:20  Stalker  
  72  6:21  Probe x2  
  76  6:29  Shield Battery  
  76  6:33  Probe x2  
  80  6:42  Stalker x2  
  80  6:45  Probe x2  
  80  6:46  Stalker  
  86  6:52  Pylon  
  86  6:56  Photon Cannon  
  86  7:10  Observer, Probe x2 (Chrono Boost)  
  86  7:12  Nexus  
  86  7:15  Pylon  
  90  7:17  Probe (Chrono Boost)  
  90  7:19  Protoss Ground Weapons Level 2 (Chrono Boost)  
  90  7:21  Probe x2 (Chrono Boost)  
  92  7:25  Probe x3 (Chrono Boost)  
  92  7:28  Charge  
  95  7:30  Pylon  
  95  7:33  Assimilator  
  95  7:36  Probe x2  
  97  7:37  Stalker x2  
  97  7:39  Probe  
  102  7:47  Gateway x2  
  102  7:53  Photon Cannon, Stalker  
  102  7:55  Stalker  
  106  8:02  Photon Cannon  
  106  8:04  Probe x3  
  109  8:19  Stalker  
  109  8:20  Stalker x2  
  109  8:23  Shield Battery  
  113  8:27  Shield Battery  
  113  8:34  Stalker  
  115  8:36  Shield Battery  
  115  8:37  Pylon  
  105  8:43  Stalker x5  
  105  8:45  Probe x3  
  105  8:46  Probe  
  117  8:53  Gateway  
  117  8:57  Gateway, Probe  
  108  9:04  Stalker  
  108  9:07  Stalker x5  
  120  9:11  Shield Battery x2  
  120  9:14  Pylon  
  110  9:30  Stalker x6  
  99  9:35  Probe x2  
  99  9:36  Probe  
  97  9:48  Stalker  
  97  9:49  Shield Battery  
  97  9:52  Stalker x3  
  103  9:53  Stalker x2  
  103  9:55  Stalker  
  111  10:01  Shield Battery  
  111  10:03  Shield Battery  
  110  10:08  Stalker  
  103  10:15  Zealot x5  
  97  10:24  Zealot x2  
Show
View Real Time Build Order
Export as new Build Order

PtitDrogo Protoss - Winner!

Build Orders: Oracle Opening 

Get SALT Encoding   

  12  0:00  Probe  
  13  0:12  Probe  
  14  0:19  Pylon  
  14  0:24  Probe  
  15  0:37  Probe (Chrono Boost)  
  15  0:38  Gateway  
  16  0:48  Probe (Chrono Boost), Assimilator  
  17  0:53  Probe (Chrono Boost)  
  18  1:01  Assimilator  
  18  1:03  Probe (Chrono Boost)  
  19  1:06  Pylon  
  19  1:13  Probe (Chrono Boost)  
  19  1:18  Probe (Chrono Boost)  
  20  1:25  Cybernetics Core  
  21  1:31  Probe  
  22  1:33  Zealot  
  24  1:43  Probe  
  25  1:48  Pylon  
  25  1:55  Probe  
  26  2:02  Stargate  
  26  2:06  Stalker  
  28  2:09  Probe  
  28  2:15  Pylon  
  29  2:20  Warp Gate  
  29  2:23  Probe  
  29  2:42  Oracle (Chrono Boost)  
  32  2:52  Nexus  
  32  2:58  Shield Battery  
  32  3:01  Probe  
  33  3:09  Oracle (Chrono Boost)  
  36  3:15  Probe  
  37  3:21  Pylon  
  35  3:34  Probe  
  35  3:41  Twilight Council  
  36  3:43  Gateway  
  36  3:47  Probe  
  37  3:56  Gateway  
  37  4:02  Probe (Chrono Boost)  
  38  4:04  Probe (Chrono Boost)  
  38  4:07  Stalker  
  41  4:14  Blink (Chrono Boost)  
  41  4:15  Probe (Chrono Boost)  
  41  4:16  Probe (Chrono Boost)  
  42  4:23  Probe  
  44  4:26  Probe  
  45  4:35  Probe  
  45  4:38  Probe  
  47  4:39  Stalker x2  
  51  4:47  Probe  
  51  4:50  Probe  
  53  4:55  Nexus  
  53  4:59  Pylon  
  53  5:01  Probe  
  53  5:05  Stalker  
  56  5:08  Probe  
  56  5:11  Stalker  
  56  5:13  Probe  
  60  5:20  Probe  
  61  5:23  Stalker  
  61  5:25  Probe  
  61  5:27  Shield Battery  
  64  5:30  Pylon  
  64  5:32  Probe  
  64  5:35  Stalker  
  67  5:37  Stalker  
  67  5:38  Probe  
  67  5:40  Assimilator  
  70  5:46  Pylon  
  70  5:48  Probe  
  71  5:50  Forge  
  71  5:57  Stalker  
  71  5:58  Stalker  
  71  6:02  Probe (Chrono Boost)  
  77  6:04  Probe (Chrono Boost)  
  77  6:06  Robotics Facility  
  77  6:07  Probe (Chrono Boost)  
  77  6:10  Stalker  
  80  6:15  Charge  
  82  6:19  Probe (Chrono Boost)  
  82  6:20  Probe (Chrono Boost)  
  82  6:22  Probe (Chrono Boost)  
  82  6:25  Protoss Ground Weapons Level 1 (Chrono Boost), Stalker  
  84  6:28  Probe (Chrono Boost)  
  84  6:30  Probe (Chrono Boost)  
  84  6:31  Probe (Chrono Boost)  
  88  6:32  Probe (Chrono Boost)  
  88  6:34  Stalker  
  88  6:37  Probe  
  92  6:44  Gateway  
  92  6:47  Gateway, Pylon  
  92  6:49  Probe  
  92  6:52  Gateway x2  
  93  7:04  Observer  
  94  7:09  Stalker x2  
  94  7:10  Zealot  
  94  7:14  Nexus  
  100  7:16  Shield Battery  
  100  7:18  Probe x2  
  100  7:20  Pylon  
  100  7:21  Probe  
  100  7:22  Photon Cannon  
  103  7:28  Warp Prism  
  105  7:32  Gateway  
  105  7:34  Templar Archives  
  105  7:38  Probe x2  
  107  7:46  Zealot x4  
  107  7:48  Zealot  
  117  7:55  Pylon x2  
  117  8:09  Pylon  
  117  8:13  Probe x2  
  117  8:14  Observer (Chrono Boost)  
  117  8:17  Stalker x3  
  117  8:18  Stalker x4  
  130  8:35  Stalker  
  130  8:45  Stalker x4  
  130  8:46  Zealot x3, Stalker  
  146  8:55  Gateway  
  142  8:56  Gateway  
  142  8:57  Gateway  
  128  9:09  Zealot x8  
  136  9:30  Stalker x4  
  136  9:31  Zealot x4  
  137  9:32  Probe  
  129  9:42  Probe  
  126  9:49  Probe x2  
  126  9:50  Probe  
  129  9:53  Zealot x9  
  129  9:54  Zealot x2  
  137  10:15  Zealot x3, Stalker x7  
Tags
 
Composition
Blink Stalkers
League
Diamond
Matchup
PvP
Replay Pack
hsc22
Spawn Locations
Cross Positions
Add a new tag
Caveats
  • Supply blocks, unpowered buildings, or Contaminate may cause inaccurate times.
  • Supply counts are checked every 10 seconds.